 Dungeon Crawl Stone Soup version 0.19.5 (webtiles) character file.

56 tidbits the Slasher (level 3, -4/24 HPs)
             Began as a High Elf Wanderer on Oct 28, 2017.
             Slain by a bullfrog (6 damage)
             ... on level 4 of the Dungeon.
             The game lasted 00:02:48 (309 turns).

tidbits the Slasher (High Elf Wanderer)              Turns: 309, Time: 00:02:49

Health: -4/24      AC:  5    Str: 13    XL:     3   Next: 71%
Magic:  4/4        EV: 11    Int: 16    God:
Gold:   49         SH:  0    Dex: 13    Spells: 0 memorised, 2 levels left

rFire  . . .     SeeInvis .     a - +2 falchion
rCold  . . .     Gourm    .     B - +0 ring mail
rNeg   . . .     Faith    .     (no shield)
rPois  .         Spirit   .     (no helmet)
rElec  .         Reflect  .     (no cloak)
rCorr  .         Harm     .     (no gloves)
MR     .....                    (no boots)
Stlth  +.........               (no amulet)
                                (no ring)
                                (no ring)

@: no status effects
A: no striking features
a: no special abilities


You were on level 4 of the Dungeon.
You were not hungry.

You visited 1 branch of the dungeon, and saw 4 of its levels.

You collected 49 gold pieces.

Inventory:

Hand Weapons
 a - a +2 falchion (weapon)
 b - a +0 dagger
Missiles
 j - 41 arrows
Armour
 d - a +0 robe
 g - a +0 chain mail
   (You found it on level 1 of the Dungeon)
 B - a +0 ring mail (worn)
   (You took it off an orc on level 3 of the Dungeon)
Wands
 c - a wand of confusion (19/48)
   (You took it off Ijyb on level 2 of the Dungeon)
Scrolls
 h - a scroll of identify {unknown}
 k - a scroll of remove curse {unknown}
Potions
 e - a potion of lignification
 i - a potion of brilliance {unknown}
 l - a potion of ambrosia {unknown}
Comestibles
 f - a bread ration


   Skills:
 - Level 2.0 Fighting
 + Level 5.7 Long Blades
 - Level 2.1 Dodging
 - Level 2.1 Stealth
   Level 1.0 Shields


You had 2 spell levels left.
You didn't know any spells.

Dungeon Overview and Level Annotations

Branches:
Dungeon (4/15)
 Temple: D:4-7

Altars:


Message History

The adder barely misses you.
You hit the adder.
You kill the adder!
You see here an adder corpse.
You see here 5 gold pieces.
You now have 49 gold pieces (gained 5).
An adder comes into view.
Found a mace.
Found a stone staircase leading down.
An orc comes into view. It is wielding a dagger.
The bat closely misses you.
You riposte.
You slash the bat!
You kill the bat!
Found 18 arrows.
An orc comes into view. It is wielding an enchanted mace.
You see here a bat corpse.
The orc shouts!
You hear a shout! x2
You see here a mace.
The orc hits you with a dagger.
You closely miss the orc. The orc hits you with a dagger.
An orc comes into view. It is wielding a mace.
You barely miss the orc. The orc misses you.
You see here a mace.
You barely miss the orc. The orc hits you with a dagger.
An orc comes into view. It is wielding a whip.
The orc shouts!
You hit the orc.
The orc is heavily wounded.
You slash the orc!
The orc is almost dead.
You hit the orc.
You kill the orc!
You hit the orc.
The orc is almost dead.
The orc hits you with a dagger.
You hit the orc.
You kill the orc!
The orc hits you with an enchanted mace!
* * * LOW HITPOINT WARNING * * *
You barely miss the orc. You hit the orc.
The orc is lightly wounded.
The orc barely misses you.
You riposte.
You barely miss the orc.
The orc is lightly wounded.
You hit the orc.
The orc is moderately wounded.
The orc barely misses you.
You completely miss the orc.
The orc is moderately wounded.
The orc barely misses you.
You riposte.
You slash the orc!
You kill the orc!
You hit the orc.
The orc is severely wounded.
The orc barely misses you.
You barely miss the orc.
The orc is severely wounded.
The orc barely misses you.
You barely miss the orc.
The orc is severely wounded.
The orc hits you but does no damage.
You hit the orc.
You kill the orc!
You barely miss the goblin. The goblin completely misses you.
You closely miss the goblin. The goblin hits you.
* * * LOW HITPOINT WARNING * * *
You hit the goblin.
The goblin is moderately wounded.
The goblin hits you but does no damage.
You hit the goblin.
You kill the goblin!
Items here: )))) [[ ††
l - a ring mail Wear which item? (? for menu, Esc to quit)
You start removing your armour.
You continue taking off your +0 robe. x4
You finish taking off your +0 robe.
You start putting on your armour.
You continue putting on your ring mail. x5
You finish putting on your +0 ring mail.
Adjust (i)tems, (s)pells, or (a)bilities?
Adjust which item? (? for menu, Esc to quit)
l - a +0 ring mail (worn)
Adjust to which letter? (? for menu, Esc to quit)
B - a +0 ring mail (worn)
Found a plate armour.
j - 41 arrows (gained 18)
There is a stone staircase leading down here.
You climb downwards.
A bullfrog comes into view.
The bullfrog gives a loud, deep croak!
Found a fuming coppery potion.
There is a stone staircase leading up here.
Found 9 gold pieces.
You see here a fuming coppery potion.
l - a fuming coppery potion The bullfrog hits you but does no damage.
You barely miss the bullfrog. The bullfrog hits you.
* * * LOW HITPOINT WARNING * * *
The bullfrog hits you.
* * * LOW HITPOINT WARNING * * *
You barely miss the bullfrog. The bullfrog hits you.
* * * LOW HITPOINT WARNING * * *
The bullfrog hits you.
You die...

##+#############
#.......##.....##
................#
................#
.......@F.<.....#
#...##..####...##
# #..# ..# #...
... #... ...
#.... .. +.... .
#$....


You could see a bullfrog.

Vanquished Creatures
  Ijyb (D:2)
  An adder (D:3)
  4 orcs (D:3)
  3 bats
  2 giant cockroaches
  4 goblins
  3 frilled lizards (D:1)
18 creatures vanquished.

Notes
Turn   | Place    | Note
-------+----------+-------------------------------------------
     0 | D:1      | tidbits the High Elf Wanderer began the quest for the Orb.
     0 | D:1      | tidbits set off with: a +2 falchion, a potion of lignification, a potion of curing, a +0 robe, a +0 dagger, a bread ration
     0 | D:1      | Reached XP level 1. HP: 14/14 MP: 2/2
    54 | D:1      | Reached skill level 4 in Long Blades
   172 | D:1      | Reached XP level 2. HP: 19/19 MP: 3/3
   190 | D:2      | Noticed Ijyb
   232 | D:2      | Killed Ijyb
   232 | D:2      | Reached skill level 5 in Long Blades
   232 | D:2      | Reached XP level 3. HP: 21/24 MP: 4/4
   240 | D:2      | Found a faded altar of an unknown god.
   303 | D:4      | Noticed a bullfrog
   309 | D:4      | HP: 2/24 [bullfrog (5)]
   309 | D:4      | Slain by a bullfrog

Skill      XL: |  1  2 |
---------------+-------+-----
Long Blades    | 4 5 |  5.7
Fighting       | |  2.0
Dodging        | |  2.1
Stealth        | |  2.1
Shields        | |  1.0

Action                   || total
-------------------------++-------
Melee: Falchion          ||    61
  Use: Potion            ||     1
 Stab: Sleeping          ||     1
Armor: Robe              ||     9
       Ring mail         ||     1
Dodge: Dodged            ||    30
       Rpst.: Falchion   ||     6

Table legend:
 A = Turns spent in this place as a percentage of turns spent in the entire game.
 B = Non-inter-level travel turns spent in this place as a percentage of non-inter-level travel turns spent in the entire game.
 C = Inter-level travel turns spent in this place as a percentage of turns spent in this place.
 D = Turns resting spent in this place as a percentage of non-inter-level travel turns spent in this place.
 E = Turns spent auto-exploring this place as a percentage of non-inter-level travel turns spent in this place.
 F = Non-inter-level travel turns spent in this place divided by the number of levels of this place that you've seen.
                   A       B       C       D       E      F
               +-------+-------+-------+-------+-------+----------------------
         Total | 100.0 | 100.0 |   0.0 |   0.0 |   0.0 |  74.0
       Dungeon | 100.0 | 100.0 |   0.0 |   0.0 |   0.0 |  74.0
               +-------+-------+-------+-------+-------+----------------------

Table legend:
 A = Kills in this place as a percentage of kills in entire the game.
 B = Kills by you in this place as a percentage of kills by you in the entire game.
 C = Kills by friends in this place as a percentage of kills by friends in the entire game.
 D = Other kills in this place as a percentage of other kills in the entire game.
 E = Experience gained in this place as a percentage of experience gained in the entire game.
 F = Experience gained in this place divided by the number of levels of this place that you have seen.
                   A       B       C       D       E      F
               +-------+-------+-------+-------+-------+----------------------
         Total | 100.0 | 100.0 |  -nan |  -nan | 100.0 |  20.2
       Dungeon | 100.0 | 100.0 |  -nan |  -nan | 100.0 |  20.2
               +-------+-------+-------+-------+-------+----------------------

Vault maps used:
D:1:      tarquinn_simple_flora_water_d, grunt_decor_cap, st_stairs_14
D:2:      minmay_wonky_spiral, ecumenical_altar_2, lemuel_blue_sif_altar,
          uniq_terence, uniq_iyjb
D:3:      uniq_jessica
D:4:      first_bread, grunt_dithmenos_smoke_and_mirrors
